 Dungeon Crawl Stone Soup version 0.26-a0-651-gb41185065b (webtiles) character file.

Game seed: 2667426186028899470

1001 reeeeeeeef the Insei (level 8, -8/56 HPs)
             Began as an Octopode Chaos Knight on Sept 29, 2020.
             Was a Plaything of Xom.
             Mangled by an orc warrior
             ... wielding a +0 glaive
              (22 damage)
             ... on level 6 of the Dungeon.
             The game lasted 00:05:18 (4923 turns).

reeeeeeeef the Insei (Octopode Chaos Knight)        Turns: 4923, Time: 00:05:19

Health: -8/56      AC:  6    Str: 14    XL:     8   Next: 20%
Magic:  8/8        EV: 10    Int: 18    God:    Xom [..*...]
Gold:   601        SH: 13    Dex: 13    Spells: 7/7 levels left

rFire    . . .     SeeInvis +     - Unarmed
rCold    . . .     Faith    .   k - +0 tower shield
rNeg     . . .     Spirit   .   (helmet restricted)
rPois    +         Reflect  .   (no amulet)
rElec    .         Harm     .   e - ring of see invisible
rCorr    +         Rampage  .   b - ring of resist corrosion
MR       +....     Clarity  +   o - ring of protection from magic
Stlth    +++.......             (no ring)
HPRegen  0.18/turn              (no ring)
MPRegen  0.11/turn              (no ring)
                                (no ring)
                                (no ring)

@: no status effects
A: almost no armour, stealthy swim, amphibious, 8 rings, constrict 8, tentacle
spike 1, icy blue scales 1, slimy green scales 2, camouflage 2, see invisible,
clarity, clever 2, poison resistance, screaming 2, strong 1, gelatinous body 1,
MP-powered wands
a: Renounce Religion


You were on level 6 of the Dungeon.
You worshipped Xom.
You were a toy of Xom.
You visited 1 branch of the dungeon, and saw 6 of its levels.
You also visited: Ossuary.

You collected 601 gold pieces.

Inventory:

Hand Weapons
 B - the +4 dagger of Vuyr {freeze, *Contam *Drain +Inv Int+6, unknown}
   (You found it on level 7 of the Dungeon)

   It has been specially enchanted to freeze those struck by it, causing extra
   injury to most foes and up to half again as much damage against particularly
   susceptible opponents.
   It can also slow down cold-blooded creatures.
   It affects your intelligence (+6).
   It lets you turn invisible.
   It causes magical contamination when unequipped.
   It causes draining when unequipped.
Missiles
 h - 76 poisoned darts (quivered)
 i - 9 javelins
 A - 5 boomerangs of dispersal
Armour
 k - a +0 tower shield (worn)
Magical Staves
 f - an uncursed staff of conjuration {unknown}
Jewellery
 b - a ring of resist corrosion (right tentacle)
 e - a ring of see invisible (left tentacle)
 o - a ring of protection from magic (on tentacle)
Scrolls
 a - 3 scrolls of teleportation {@r3}
 c - 3 scrolls of magic mapping {unknown}
 g - 2 scrolls of enchant weapon {unknown}
 l - 5 scrolls of identify {unknown}
 m - 4 scrolls of remove curse {unknown}
 n - 2 scrolls of immolation {unknown}
 q - 2 scrolls of enchant armour {unknown}
 r - a scroll of fog {unknown}
 z - 3 scrolls of amnesia {unknown}
Potions
 d - a potion of flight {unknown}
 j - 3 potions of curing {@q1}
 p - 2 potions of resistance {unknown}
 s - 3 potions of haste {unknown}
 t - a potion of magic {unknown}
 u - a potion of degeneration {unknown}
 v - a potion of ambrosia {unknown}
 w - a potion of cancellation {unknown}
 x - a potion of berserk rage {unknown}
 C - 2 potions of might
Miscellaneous
 y - a box of beasts (1/3)


   Skills:
 + Level 5.4 Fighting
 - Level 2.8 Dodging
 + Level 4.0 Shields
 * Level 7.2 Unarmed Combat


You had 7 spell levels left.
You didn't know any spells.
Your spell library contained the following spells:

 Spells                   Type           Power        Failure   Level
 Corona                   Hex            #......      97%         1
 Ensorcelled Hibernation  Hex/Ice        #.....       99%         2
 Confusing Touch          Hex            #.......     100%        3
 Dazzling Flash           Conj/Hex       #.....       100%        3
 Tukima's Dance           Hex            #.......     100%        3


Dungeon Overview and Level Annotations

Branches:
Dungeon (7/15)            Ossuary (visited)
 Temple: D:4-7

Altars:


Innate Abilities, Weirdness & Mutations

You cannot wear most types of armour.
You are very stealthy in the water. (Stealth+)
You are amphibious.
You can wear up to eight rings at the same time.
You can use your tentacles to constrict eight enemies at once.
Your skin blends seamlessly with your surroundings (Stealth++).
Your rubbery body absorbs attacks. (AC +1, EV +1)
One of your tentacles bears a spike.
You are partially covered in icy blue scales. (AC +2)
You are mostly covered in slimy green scales. (AC +3)
You have supernaturally acute eyesight. (SInv)
You possess an exceptional clarity of mind.
Your mind is very acute. (Int +4)
Your system is resistant to poisons. (rPois)
You sometimes yell uncontrollably at your foes.
Your muscles are strong. (Str +2)
You expend magic power (3 MP) to strengthen your wands.


Message History

Orders for allies: a - Attack new target. r - Retreat! s - Stop attacking. g - Guard the area. f - Follow me.
Anything else - Cancel.
Gang up on whom?
Aim: an orc warrior, wielding a +0 glaive and wearing a +0 chain mail (magical condensation, moderately wounded) Attack!
Your ice beast hits the orc warrior.
Your ice beast freezes the orc warrior!
Found 19 gold pieces.
Found a stone staircase leading down.
You see here 19 gold pieces.
Xom smirks.
You feel aware of your surroundings. "See what I see, my child!"
You feel aware of your surroundings.
Okay, then.
Okay, then.
You open the lid... ...and a larval firebat beast flies out!
The orc warrior hits you from afar with a +0 glaive!!
You die...

#,* ******* ***,* #. #
,, ,,,,,,, , ** #.
############*,* * * #.
.......Y...#*,*,****,*
#. ##)..#####$#* *, , ,,
#. *#...#..,#.#*, *****
** #.
.....#.#.#.#*,,,,,,, ,
#.
....##.....#############
####.
.b..+.........oH@.......
.....
....####################
.....
....+,,,,,,<,,,,,,,,,,
..... ,,
**************** * .....
,,,,,,,,,,* .#### *****
*** *, * ** * *,*


You could see an orc warrior and a friendly larval firebat beast (summoned).

Vanquished Creatures
  A black bear (D:7)
  A sky beast (D:6)
  An ice beast (D:7)
  3 ogres
  A bullfrog (D:6)
  A scorpion (D:3)
  An orc priest (D:6)
  A worker ant (D:7)
  A hound skeleton (D:7)
  A mummy (Ossuary)
  5 adders
  2 howler monkey skeletons
  A white imp (D:6)
  An ufetubus (D:7)
  5 worms
  A dart slug (D:1)
  2 leopard geckos
  11 orcs
  5 bats
  3 giant cockroaches
  2 gnoll zombies (Ossuary)
  4 goblins
  5 hobgoblins
  3 jackals (D:4)
  5 kobolds
  3 quokkas
  A ball python (D:3)
  2 frilled lizards
  A hobgoblin zombie (Ossuary)
  A kobold zombie (Ossuary)
  An orc zombie (Ossuary)
  3 rats
79 creatures vanquished.

Vanquished Creatures (collateral kills)
  7 mummies (Ossuary)
  An orc (D:6)
  3 kobold zombies (Ossuary)
11 creatures vanquished.

Vanquished Creatures (others)
  Menkaure (D:4)
1 creature vanquished.

Grand Total: 91 creatures vanquished

Notes
Turn   | Place    | Note
-------+----------+-------------------------------------------
     0 | D:1      | reeeeeeeef the Octopode Chaos Knight began the quest for
                  | the Orb.
     0 | D:1      | Reached XP level 1. HP: 16/16 MP: 1/1
   388 | D:1      | XOM: potion effect (invisibility)
   394 | D:1      | Reached XP level 2. HP: 21/21 MP: 2/2
   481 | D:1      | XOM: 1-stop teleportation journey
  1129 | D:2      | Reached XP level 3. HP: 5/26 MP: 3/3
  1203 | D:1      | XOM: god gift: weird smoking staff {god gift}
  1232 | D:1      | XOM: give mutations
  1232 | D:1      | Gained mutation: You are weak. (Str -2) [Xom's mischief]
  1232 | D:1      | Gained mutation: You expend magic power (3 MP) to
                  | strengthen your wands. [Xom's mischief]
  1232 | D:1      | Gained mutation: Scrolls take you a little longer to read.
                  | [Xom's mischief]
  1232 | D:1      | Gained mutation: You occasionally shout uncontrollably at
                  | your foes. [Xom's mischief]
  1347 | D:1      | XOM: give mutations
  1347 | D:1      | Lost mutation: You are weak. (Str -2) [Xom's mischief]
  1347 | D:1      | Gained mutation: You sometimes yell uncontrollably at your
                  | foes. [Xom's mischief]
  1347 | D:1      | Lost mutation: Scrolls take you a little longer to read.
                  | [Xom's mischief]
  1347 | D:1      | Gained mutation: You have supernaturally acute eyesight.
                  | (SInv) [Xom's mischief]
  1567 | D:2      | Reached skill level 4 in Unarmed Combat
  1568 | D:2      | Reached XP level 4. HP: 21/31 MP: 4/4
  1922 | D:2      | XOM: 2-stop teleportation journey
  2212 | D:3      | XOM: noise
  2217 | D:3      | XOM: 3-stop teleportation journey
  2220 | D:3      | XOM: enchant monster (good)
  2226 | D:3      | Reached skill level 1 in Shields
  2226 | D:3      | Reached XP level 5. HP: 20/37 MP: 5/5
  2897 | D:3      | XOM: cast spell 'Metabolic Englaciation'
  3139 | D:4      | Noticed an ogre
  3146 | D:4      | Noticed Menkaure
  3155 | D:4      | XOM: smoke on damage
  3157 | D:4      | Killed Menkaure
  3157 | D:4      | Reached skill level 5 in Unarmed Combat
  3157 | D:4      | XOM: divine lightning
  3176 | D:4      | Killed an ogre
  3176 | D:4      | Reached XP level 6. HP: 28/43 MP: 6/6
  3181 | D:4      | Found a sand-covered staircase.
  3185 | Ossuary  | Entered an ossuary
  3206 | Ossuary  | XOM: draining
  3269 | Ossuary  | XOM: 4-stop teleportation journey
  3411 | Ossuary  | XOM: god gift: box of beasts (3/3)
  3634 | Ossuary  | XOM: give mutations
  3634 | Ossuary  | Gained mutation: You possess an exceptional clarity of
                  | mind. [Xom's grace]
  3634 | Ossuary  | Gained mutation: One of your tentacles bears a spike.
                  | [Xom's grace]
  3634 | Ossuary  | Gained mutation: Your skin blends seamlessly with your
                  | surroundings (Stealth++). [Xom's grace]
  3634 | Ossuary  | Gained mutation: Your muscles are strong. (Str +2) [Xom's
                  | grace]
  3749 | D:4      | XOM: give mutations
  3749 | D:4      | Gained mutation: You are partially covered in slimy green
                  | scales. (AC +2) [Xom's grace]
  3749 | D:4      | Gained mutation: Your mind is acute. (Int +2) [Xom's grace]
  3749 | D:4      | Gained mutation: You are partially covered in icy blue
                  | scales. (AC +2) [Xom's grace]
  3749 | D:4      | Gained mutation: You are mostly covered in slimy green
                  | scales. (AC +3) [Xom's grace]
  3799 | D:4      | XOM: scenery: summon butterflies
  3884 | D:4      | You fall into a shaft and drop 3 floors!
  3952 | D:7      | XOM: god gift: 5 boomerangs of dispersal
  3973 | D:7      | Got a bloodstained dagger
  4105 | D:7      | Reached skill level 6 in Unarmed Combat
  4105 | D:7      | Reached XP level 7. HP: 48/49 MP: 7/7
  4153 | D:7      | XOM: give mutations
  4153 | D:7      | Gained mutation: Your system is resistant to poisons.
                  | (rPois) [Xom's grace]
  4153 | D:7      | Gained mutation: Your mind is very acute. (Int +4) [Xom's
                  | grace]
  4306 | D:7      | XOM: summons 7 friendly demons
  4310 | D:7      | Reached skill level 5 in Fighting
  4355 | D:7      | XOM: potion effect (stabbing)
  4440 | D:7      | XOM: silly message
  4649 | D:6      | Reached XP level 8. HP: 55/55 MP: 8/8
  4789 | D:6      | Reached skill level 7 in Unarmed Combat
  4892 | D:6      | XOM: silly message
  4895 | D:6      | XOM: cast spell 'Summon Ice Beast'
  4898 | D:6      | XOM: smoke on damage
  4916 | D:6      | XOM: divination: magic mapping
  4917 | D:6      | XOM: divination: magic mapping
  4923 | D:6      | Mangled by an orc warrior

Illustrated notes

Levels and vault maps discovered:
D:1:      lemuel_arrival_hallway, layout_basic, patterned_corridor
D:2:      layout_basic, wad_orctagon
D:3:      layout_loops_ring
D:4:      layout_rooms, nicolae_ossuary_entry_plus,
          minmay_fractal_squares_gapless_5, uniq_menkaure
D:6:      layout_basic, marbit_many_paths, minmay_temple_entry_butterflies
D:7:      layout_basic, chequers_serial_rivers_small_b

Skill      XL: |  1  2  3  4  5  6  7  8 |
---------------+-------------------------+-----
Unarmed Combat | 4 5 6 7 |  7.2
Shields        | 1 2 3 4 |  4.0
Fighting       | 4 5 |  5.4
Dodging        | |  2.8

Action                   |  1- 3 |  4- 6 |  7- 9 || total
-------------------------+-------+-------+-------++-------
Melee: Unarmed           |    61 |    90 |    46 ||   197
       Tentacles         |    13 |    22 |    11 ||    46
       Constrict         |    15 |    29 |    11 ||    55
       Punch             |     1 |     4 |     2 ||     7
       Kick              |       |    12 |    18 ||    30
Throw: Dart              |       |     6 |       ||     6
Evoke: Box of beasts     |       |     3 |     1 ||     4
  Use: Potion            |     2 |     2 |       ||     4
       Scroll            |       |     2 |       ||     2
 Stab: Sleeping          |     4 |     4 |     1 ||     9
       Invisible         |     1 |     2 |       ||     3
       Distracted        |       |     1 |       ||     1
Armor: Skin              |     6 |     4 |     8 ||    18
Dodge: Dodged            |    32 |    24 |    14 ||    70
Block: Tower shield      |     6 |    37 |    25 ||    68

Table legend: (Time is in decaauts)
 A = Elapsed time spent in this place.
 B = Non-inter-level travel time spent in this place.
 C = Inter-level travel time spent in this place.
 D = Time resting spent in this place.
 E = Time spent auto-exploring this place.
 F = Levels seen in this place.
 G = Mean time per level.
                   A        B        C        D        E       F      G
               +--------+--------+--------+--------+--------+-----+--------+
         Total |   4931 |   4827 |    104 |    716 |   3334 |   7 |  704.4 |
       Dungeon |   4374 |   4270 |    104 |    574 |   3098 |   6 |  729.0 |
       Ossuary |    557 |    557 |      0 |    142 |    236 |   1 |  557.0 |
               +--------+--------+--------+--------+--------+-----+--------+

Top non-repeatable levels by time:
     D:1: 1374 daAuts
     D:3: 901 daAuts
     D:2: 836 daAuts
     D:7: 739 daAuts
 Ossuary: 557 daAuts
     D:6: 303 daAuts
     D:4: 219 daAuts
